 Dungeon Crawl Stone Soup version 0.31-a0-963-ga325b2283a (webtiles) character file.

Game seed: 2791653529946683149

7371 LeprechaunX the Mimic (level 11, -5/91 HPs)
             Began as an Octopode Shapeshifter on Oct 25, 2023.
             Was a Priest of Wu Jian.
             Killed from afar by an acid dragon (28 damage)
             ... with a splash of acid
             ... on level 9 of the Dungeon.
             The game lasted 00:13:17 (9506 turns).

LeprechaunX the Mimic (Octopode Shapeshifter)       Turns: 9506, Time: 00:13:18

Health: -5/91      AC:  5    Str: 20    XL:     11   Next: 14%
Magic:  11/11      EV: 19    Int: 14    God:    Wu Jian [***...]
Gold:   182        SH:  0    Dex: 13    Spells: 10/10 levels left

rFire   . .          .
                       - Unarmed
rCold   . . .        (shield currently unavailable)
rNeg    . . .        (helmet currently unavailable)
rPois   .            (no amulet)
rElec   .            h - +5 ring of evasion
rCorr   .            H - +4 ring of protection
SInv    .            (no ring)
Will    .....        (no ring)
Stlth   +            (no ring)
HPRegen 0.35/turn    (no ring)
MPRegen 0.12/turn    (no ring)
                     (no ring)

%: no passive effects
@: snake-form, weakened, corroded, in a heavenly storm, glowing
A: constrict, boosted hp, almost no armour, amphibious, 8 rings, large,
(camouflage 1), (gelatinous body 1), (nimble swimmer 1), (tentacles)
a: Begin Untransformation, Renounce Religion, Wall Jump, Serpent's Lash


You were on level 9 of the Dungeon.
You worshipped Wu Jian.
Wu Jian was most pleased with you.
You were an enormous anaconda.
You visited 1 branch of the dungeon, and saw 9 of its levels.

You collected 578 gold pieces.
You spent 396 gold pieces at shops.

Inventory:

Hand Weapons
 E - a +0 shortbow
 G - a +0 arbalest
Missiles
 x - a throwing net
Armour
 D - an orb of mayhem
Jewellery
 h - a +5 ring of evasion (left tentacle)
 H - a +4 ring of protection (right tentacle)
 K - a ring of see invisible
Talismans
 b - a beast talisman
 c - a flux talisman
 z - a serpent talisman (active)
Wands
 m - a wand of paralysis (7)
 v - a wand of flame (35) (quivered)
 y - a wand of polymorph (13)
 A - a wand of roots (8)
 C - a wand of mindburst (11)
Scrolls
 d - 7 scrolls of teleportation {unknown}
 e - 3 scrolls of enchant armour {unknown}
 i - 3 scrolls of vulnerability {unknown}
 j - 3 scrolls of immolation {unknown}
 l - 3 scrolls of butterflies {unknown}
 o - a scroll of blinking {unknown}
 q - a scroll of fear {unknown}
 s - 2 scrolls of acquirement {unknown}
 u - a scroll of poison {unknown}
 w - 3 scrolls of identify {unknown}
Potions
 a - 2 potions of lignification
 f - 2 potions of magic {unknown}
 g - 2 potions of brilliance {unknown}
 k - 2 potions of attraction {unknown}
 n - 2 potions of heal wounds {unknown}
 p - a potion of haste {unknown}
 r - a potion of mutation {unknown}
 t - 2 potions of curing {unknown}
 B - a potion of cancellation {unknown}
 I - a potion of might {unknown}
 J - a potion of invisibility {unknown}
Miscellaneous
 F - a phantom mirror


   Skills:
 + Level 7.6 Fighting
 - Level 2.0 Dodging
 + Level 8.2 Unarmed Combat
 + Level 7.7 Evocations
 * Level 10.5 Shapeshifting


You had 10 spell levels left.
You didn't know any spells.
Your spell library contained the following spells:

 Spells                   Type           Power      Damage    Failure   Level
 Foxfire                  Conj/Fire      0%         2x1d4     28%         1
 Ensorcelled Hibernation  Hex/Ice        0%         N/A       41%         2
 Jinxbite                 Hex            0%         N/A       41%         2
 Anguish                  Hex/Necr       0%         N/A       96%         4
 Manifold Assault         Tloc           0%         N/A       96%         4
 Dispersal                Tloc           0%         N/A       100%        6
 Plasma Beam              Fire/Air       0%         2x1d10    100%        6
 Starburst                Conj/Fire      0%         6d3       100%        6
 Disjunction              Tloc           0%         N/A       100%        8


Dungeon Overview and Level Annotations

Branches:
Dungeon (9/15)             Temple (0/1) D:7            Lair (0/5) D:8
    Orc: D:9-12

Altars:
Hepliaklqana
Wu Jian
The Shining One

Shops:
D:9 =

Annotations:
D:3 2 transporters


Innate Abilities, Weirdness & Mutations

You are an enormous anaconda.
You have a powerful constriction melee attack.
Your maximum health is increased.
Your armour is entirely melded.
You are incapable of wielding weapons or throwing items.
You cannot wear most types of armour.
You are amphibious.
You can wear up to eight rings at the same time.
((Your skin changes colour to match your surroundings (Stealth+).))
((Your rubbery body absorbs attacks. (AC +1, EV +1)))
((You are camouflaged when in or above water. (Stealth+)))
((You have tentacles for arms and can constrict up to eight enemies at once.))


Message History

The gnoll sergeant is severely wounded.
You feel yourself speed up.
You constrict the gnoll sergeant!
You kill the gnoll sergeant!
The Council accepts your kill. The acid dragon spits acid at you.
The splash of acid hits you! The acid corrodes you!
The centaur shoots an arrow.
The arrow hits you! The troll bites you. The troll claws you!
* * * LOW HITPOINT WARNING * * *
The troll barely misses you.
Okay, then.
Unknown command.
Aiming: Wall Jump
Press: ? - help, Dir - move target
Okay, then.
The air is filled with shimmering golden clouds!
Sifu Cai Fang says: The storm will not cease as long as you keep fighting, disciple!
You can no longer summon a storm of heavenly clouds.
The troll closely misses you. x3
Unknown command.
You body-slam the troll!!
You grab the troll.
The troll is heavily wounded.
You constrict the troll, but do no damage.
You hit the troll but do no damage.
The troll is heavily wounded.
You constrict the troll. The troll completely misses you.
The troll claws you but does no damage. The troll misses you.
You lash the troll!
The troll is almost dead.
You constrict the troll.
You kill the troll!
The Council accepts your kill.
The gnoll bouda gazes fiercely through you!
You feel your attacks grow feeble.
You hit the acid dragon but do no damage.
Your grab misses the acid dragon. The acid dragon spits acid at you.
The splash of acid hits you!!
You die...

##.....# ##......#
#########....#..##
#.....#[....###..#
#....>#....## ##.###
#######...........# #....##
....∩..........#☼##.##.#..##
#######.......##☼#○..####..#
# #......##°SDc$...?##.# #
#.......####g..####..# #
#######..#.##.##.#..## #
##...#......#.#....## #
##....>.....## ##..##
######............###...#
....##..[..........#..#.#
###..#...............##.#
####............##.####.#


You could see an acid dragon (catching breath), a centaur and a gnoll bouda.

Vanquished Creatures
  3 two-headed ogres
  Maggie (D:6)
  Psyche (D:8)
  Jeremiah (D:8)
  4 trolls
  A steam dragon (D:6)
  Menkaure (D:7)
  Edmund (D:5)
  2 acid dragons (D:9)
  3 water moccasins
  A sky beast (D:6)
  3 orc warriors
  4 black bears
  3 ogres
  2 boggarts (D:8)
  A centaur (D:8)
  3 kobold brigands
  Blork the orc (D:4)
  A phantom (D:5)
  3 bullfrogs (D:7)
  2 gnoll sergeants (D:9)
  A scorpion (D:4)
  2 jellies
  2 howler monkeys
  5 hounds
  2 gnoll boudas
  3 orc priests
  Natasha (twice) (D:3)
  6 orc wizards
  9 adders
  13 gnolls
  A shadow imp (D:8)
  3 white imps
  2 ufetubi (D:7)
  A worm (D:2)
  4 dart slugs
  37 orcs
  7 ball pythons
  4 bats
  4 endoplasms
  2 giant cockroaches
  12 goblins
  8 hobgoblins
  3 jackals
  6 quokkas
  2 frilled lizards (D:2)
  11 kobolds
  13 rats
207 creatures vanquished.

Notes
Turn   | Place    | Note
-------+----------+-------------------------------------------
     0 | D:1      | LeprechaunX the Octopode Shapeshifter began the quest for
                  | the Orb.
     0 | D:1      | Reached XP level 1. HP: 13/13 MP: 1/1
    74 | D:1      | Reached XP level 2. HP: 18/18 MP: 2/2
   311 | D:1      | Found a faded altar of an unknown god.
   329 | D:1      | Prayed at the altar of an unknown god.
   329 | D:1      | Became a worshipper of the Wu Jian Council
   329 | D:1      | Reached * piety under Wu Jian
   586 | D:1      | Reached XP level 3. HP: 23/23 MP: 3/3
  1032 | D:2      | Reached XP level 4. HP: 22/29 MP: 4/4
  1291 | D:2      | Reached skill level 4 in Shapeshifting
  1509 | D:2      | Reached ** piety under Wu Jian
  1727 | D:3      | Found a transporter.
  1746 | D:3      | Found a transporter.
  1803 | D:3      | Reached XP level 5. HP: 24/35 MP: 5/5
  1886 | D:3      | Noticed Natasha
  1897 | D:3      | Killed Natasha
  1962 | D:3      | Noticed Natasha
  1970 | D:3      | Killed Natasha
  2101 | D:3      | Noticed an ogre
  2107 | D:3      | Killed an ogre
  2108 | D:3      | Reached XP level 6. HP: 41/41 MP: 6/6
  2176 | D:4      | Reached skill level 1 in Evocations
  2266 | D:4      | Reached skill level 5 in Shapeshifting
  2501 | D:4      | Noticed Blork the orc
  2511 | D:4      | Killed Blork the orc
  2512 | D:4      | Reached XP level 7. HP: 33/46 MP: 7/7
  2743 | D:4      | Reached *** piety under Wu Jian
  3033 | D:5      | Entered Level 5 of the Dungeon
  3377 | D:5      | Reached skill level 6 in Shapeshifting
  3439 | D:5      | Reached skill level 5 in Unarmed Combat
  3523 | D:5      | Reached XP level 8. HP: 51/54 MP: 8/8
  3584 | D:5      | Noticed Edmund
  3590 | D:5      | Killed Edmund
  3708 | D:5      | You fall into a shaft and drop 1 floor!
  3783 | D:6      | Found a large runed translucent door.
  3784 | D:6      | Found a large runed translucent door.
  4506 | D:6      | Noticed Maggie
  4519 | D:6      | Killed Maggie
  4520 | D:6      | Reached skill level 5 in Fighting
  4520 | D:6      | Reached skill level 7 in Shapeshifting
  4684 | D:6      | Reached XP level 9. HP: 61/61 MP: 9/9
  5016 | D:6      | Identified the +2 quarterstaff of Kismet {chaos, Str+3
                  | Dex+4}
  5246 | D:6      | Found a glowing golden altar of the Shining One.
  5328 | D:6      | Found a hazy altar of Hepliaklqana.
  5804 | D:7      | Reached skill level 5 in Evocations
  5806 | D:7      | Reached **** piety under Wu Jian
  5807 | D:7      | Reached skill level 8 in Shapeshifting
  6000 | D:7      | Noticed Menkaure
  6005 | D:7      | Killed Menkaure
  6045 | D:7      | Noticed a troll
  6112 | D:8      | Noticed Psyche
  6139 | D:8      | Found a staircase to the Lair.
  6524 | D:8      | Noticed Jeremiah
  6536 | D:8      | Killed Psyche
  6546 | D:8      | Killed Jeremiah
  6741 | D:8      | Reached XP level 10. HP: 30/68 MP: 10/10
  7009 | D:8      | Noticed a two-headed ogre
  7009 | D:8      | Noticed a two-headed ogre
  7141 | D:7      | Reached skill level 9 in Shapeshifting
  7406 | D:7      | Found a staircase to the Ecumenical Temple.
  7690 | D:8      | Killed a two-headed ogre
  7874 | D:8      | Killed a two-headed ogre
  8361 | D:9      | Noticed a two-headed ogre
  8368 | D:9      | Killed a two-headed ogre
  8369 | D:9      | Reached skill level 10 in Shapeshifting
  8778 | D:9      | Found Hairhog's Jewellery Shoppe.
  8786 | D:9      | Bought a +4 ring of protection for 396 gold pieces
  9023 | D:9      | Reached XP level 11. HP: 75/75 MP: 11/11
  9082 | D:9      | Reached ***** piety under Wu Jian
  9506 | D:9      | Killed from afar by an acid dragon

Illustrated notes

Levels and vault maps discovered:
D:1:      mainiacjoe_arrival_oval_in_oval, layout_basic,
          hellmonk_ecumenical_altar_slurped_away
D:2:      layout_basic, kennysheep_generic_room_16
D:3:      gammafunk_steamed_eel, layout_rooms, uniq_natasha
D:4:      layout_gridville, uniq_blork_the_orc
D:5:      layout_loops_corners, uniq_edmund
D:6:      layout_loops_ring, jmf_multi_god_temple2, uniq_maggie
D:7:      wander_river, layout_loops_ring, minmay_temple_entry_butterflies,
          uniq_menkaure
D:8:      layout_loops_cross, dpeg_oklobed_lair, nicolae_phantomly_mirrored,
          uniq_jeremiah, uniq_psyche
D:9:      kennysheep_blocky_hall, layout_rooms, serial_shops, shop,
          minmay_fractal_squares_gapless_5

Skill      XL: |  1  2  3  4  5  6  7  8  9 10 |
---------------+-------------------------------+-----
Fighting       | 2 3 4 5 6 7 |  7.6
Shapeshifting  | 4 5 6 7 8 10 | 10.5
Unarmed Combat | 4 5 6 8 |  8.2
Evocations     | 2 4 6 7 |  7.7
Dodging        | |  2.0

Action                     |  1- 3 |  4- 6 |  7- 9 | 10-12 || total
---------------------------+-------+-------+-------+-------++-------
  Melee: Unarmed           |    55 |   115 |   228 |   142 ||   540
         Constrict         |    18 |    29 |    54 |    32 ||   133
         Tentacles         |    15 |    27 |    67 |     6 ||   115
         Punch             |     2 |     2 |     9 |     1 ||    14
 Invoke: Heavenly Storm    |       |       |       |     1 ||     1
Ability: Lunge             |     5 |    13 |    29 |     9 ||    56
         Whirlwind         |       |     1 |     1 |     2 ||     4
         Wall Jump         |       |       |     3 |     5 ||     8
  Evoke: Wand              |       |       |       |    11 ||    11
   Stab: Sleeping          |     9 |    17 |    10 |     1 ||    37
         Distracted        |       |       |     2 |       ||     2
 Armour: Skin              |    19 |    22 |    73 |    99 ||   213
  Dodge: Dodged            |    26 |    57 |   116 |    83 ||   282
   Form: Anaconda          |       |       |       |     1 ||     1

Table legend: (Time is in decaauts)
 A = Elapsed time spent in this place.
 B = Non-inter-level travel time spent in this place.
 C = Inter-level travel time spent in this place.
 D = Time resting spent in this place.
 E = Time spent auto-exploring this place.
 F = Levels seen in this place.
 G = Mean time per level.
                   A        B        C        D        E       F      G
               +--------+--------+--------+--------+--------+-----+--------+
         Total |   9477 |   9068 |    409 |    977 |   6740 |   9 | 1053.0 |
       Dungeon |   9477 |   9068 |    409 |    977 |   6740 |   9 | 1053.0 |
               +--------+--------+--------+--------+--------+-----+--------+

Top non-repeatable levels by time:
     D:8: 1646 daAuts
     D:6: 1404 daAuts
     D:5: 1238 daAuts
     D:9: 1187 daAuts
     D:7: 970 daAuts
     D:1: 945 daAuts
     D:4: 860 daAuts
     D:2: 750 daAuts
     D:3: 474 daAuts
